[Event "ICC tourney 2533 (25 5)"]
[Site "Internet Chess Club"]
[Date "2021.04.25"]
[Round "5"]
[White "LUO, TERRY:K09-15210186"]
[Black "PETERSON, RYAN:K09-14901322"]
[Result "1-0"]
[ICCResult "Black resigns"]
[WhiteElo "2232"]
[BlackElo "2016"]
[Opening "QGA: 3.e4"]
[ECO "D20"]
[NIC "QG.04"]
[Time "11:01:04"]
[PlyCount "105"]
[TimeControl "1500+5"]

1. d4 d5 2. c4 dxc4 3. e4 e5 4. Nf3 Nc6 5. Bxc4 exd4 6. O-O Be6 7. Bxe6
fxe6 8. Qb3 Qd7 9. Qxb7 Rb8 10. Qa6 Nf6 11. Nbd2 Be7 12. a3 O-O 13. Qd3 e5
14. Nc4 Qe6 15. Bd2 Nh5 16. Rac1 Nf4 17. Bxf4 Rxf4 18. b4 g5 19. Ncd2 g4
20. Ne1 a5 21. b5 Na7 22. a4 c6 23. bxc6 Nxc6 24. Qa6 Rf6 25. Nc4 Nd8 26.
Qxa5 Nc6 27. Qd5 Nb4 28. Qxe5 Ra8 29. Qxd4 Rxa4 30. Ne3 Ra2 31. Nd3 Rd2 32.
Rcd1 Rxd1 33. Rxd1 Nxd3 34. Qxd3 Rf4 35. Qd5 Rxe4 36. Qxe6+ Rxe6 37. Nxg4
Bc5 38. Kf1 h5 39. Rd5 hxg4 40. Rxc5 Rh6 41. Rg5+ Kf7 42. Kg1 Ra6 43. g3
Ra4 44. Rf5+ Kg6 45. Rf8 Ra1+ 46. Kg2 Ra2 47. Rf4 Kg5 48. h4+ gxh3+ 49.
Kxh3 Ra8 50. Rh4 Ra2 51. f4+ Kg6 52. Kg4 Ra4 53. Rh8 { Black resigns } 1-0

[Event "ICC tourney 2533 (25 5)"]
[Site "Internet Chess Club"]
[Date "2021.04.25"]
[Round "5"]
[White "BYRD, JONATHAN:K09-15330261"]
[Black "GU LIN, BENJAMIN:K09-15976160"]
[Result "0-1"]
[ICCResult "White checkmated"]
[WhiteElo "952"]
[BlackElo "1496"]
[Opening "Giuoco Piano"]
[ECO "C50"]
[NIC "IG.02"]
[Time "11:02:08"]
[PlyCount "116"]
[TimeControl "1500+5"]

1. e4 e5 2. Nf3 Nc6 3. Bc4 Bc5 4. O-O Nf6 5. d3 O-O 6. Bg5 d6 7. h3 Be6 8.
Bb3 Qe7 9. Nc3 a6 10. Nd5 Bxd5 11. exd5 Na5 12. Ba4 b5 13. Bb3 Nxb3 14.
axb3 h6 15. Bh4 a5 16. c3 b4 17. c4 Rfe8 18. Re1 Bb6 19. d4 e4 20. Bxf6
Qxf6 21. Nd2 Qxd4 22. Rxe4 Rxe4 23. Nxe4 Qxe4 24. Qd2 Qd4 25. Qxd4 Bxd4 26.
Rc1 Bxb2 27. Rc2 Bc3 28. Kf1 a4 29. bxa4 Rxa4 30. Ke2 Ra1 31. Kd3 Rd1+ 32.
Ke2 Rb1 33. Kd3 Rb2 34. Rxb2 Bxb2 35. Kc2 Bc3 36. Kd3 g5 37. g4 Kg7 38. f3
Kg6 39. Kc2 f5 40. gxf5+ Kxf5 41. Kd3 Kf4 42. Ke2 b3 43. Kd1 b2 44. Kc2
Kxf3 45. c5 dxc5 46. d6 cxd6 47. h4 gxh4 48. Kb1 h3 49. Kc2 h2 50. Kb3
b1=Q+ 51. Kc4 d5+ 52. Kxc5 h1=Q 53. Kd6 Be5+ 54. Ke6 Qg6+ 55. Kxd5 Ke3+ 56.
Kc4 Qgc6+ 57. Kb3 Qb1+ 58. Ka3 Qb2# { White checkmated } 0-1

[Event "ICC tourney 2533 (25 5)"]
[Site "Internet Chess Club"]
[Date "2021.04.25"]
[Round "5"]
[White "RAJIV MUNDAYAT, ABINAV:K09-15264747"]
[Black "JAKOB RAZA REMPE, JONAS:K09-15043490"]
[Result "1-0"]
[ICCResult "Black resigns"]
[WhiteElo "2090"]
[BlackElo "1955"]
[Opening "Ruy Lopez: Anderssen variation"]
[ECO "C77"]
[NIC "RL.12"]
[Time "11:01:21"]
[PlyCount "99"]
[TimeControl "1500+5"]

1. e4 e5 2. Nf3 Nc6 3. Bb5 a6 4. Ba4 Nf6 5. d3 b5 6. Bb3 Be7 7. O-O O-O 8.
a4 b4 9. a5 d6 10. Nbd2 Be6 11. Nc4 Bg4 12. h3 Bxf3 13. Qxf3 Nd4 14. Qd1
Nxb3 15. cxb3 d5 16. Nxe5 dxe4 17. dxe4 Qxd1 18. Rxd1 Nxe4 19. Re1 Nc5 20.
Nd7 Nxd7 21. Rxe7 Nc5 22. Rxc7 Nxb3 23. Ra4 Rac8 24. Bf4 h6 25. Ra7 Rc6 26.
Be3 Re8 27. Rb7 Re4 28. Rb6 Nc5 29. Rxc6 Nxa4 30. Rxa6 Nxb2 31. Rb6 Na4 32.
Rb8+ Kh7 33. a6 Re6 34. a7 Ra6 35. a8=Q Rxa8 36. Rxa8 Nb2 37. Rb8 Nd3 38.
Bd2 Kg6 39. Bxb4 Nxb4 40. Rxb4 f5 41. f4 Kh5 42. Kf2 g5 43. Rb6 g4 44. Rb5
Kh4 45. hxg4 Kxg4 46. Rb6 h5 47. g3 h4 48. gxh4 Kxh4 49. Kf3 Kh5 50. Rf6 {
Black resigns } 1-0

[Event "ICC tourney 2533 (25 5)"]
[Site "Internet Chess Club"]
[Date "2021.04.25"]
[Round "5"]
[White "MIYASAKA, JULIA:K09-14751032"]
[Black "VIBHAV BONDALAPATI, SRI:K09-16633657"]
[Result "0-1"]
[ICCResult "White checkmated"]
[WhiteElo "1746"]
[BlackElo "1101"]
[Opening "Sicilian: Labourdonnais-Löwenthal (Kalashnikov) variation"]
[ECO "B32"]
[NIC "SI.32"]
[Time "11:00:57"]
[PlyCount "88"]
[TimeControl "1500+5"]

1. e4 c5 2. Nf3 Nc6 3. d4 cxd4 4. Nxd4 e5 5. Nb5 d6 6. N1c3 a6 7. Na3 Nf6
8. Bg5 Be7 9. Bxf6 Bxf6 10. Nd5 O-O 11. Nc4 Be6 12. Nce3 Be7 13. Bd3 Rc8
14. O-O Kh8 15. c3 Nb8 16. Qf3 Nd7 17. Rfd1 Nb6 18. Bc2 Bxd5 19. Nxd5 Nxd5
20. Rxd5 Qb6 21. Bb3 a5 22. Rb1 Rc5 23. Rd3 Qc7 24. Qh5 Bf6 25. Rbd1 Rc6
26. Rh3 h6 27. Qf5 Qe7 28. Rdd3 Bg5 29. Rdg3 Bf4 30. Rf3 g6 31. Qg4 Kg7 32.
Rd3 f5 33. Qe2 Qg5 34. Bd5 Rb6 35. Rhf3 Qh5 36. g3 Bg5 37. Qc2 f4 38. Kg2
Bf6 39. Rd1 g5 40. Rfd3 g4 41. R1d2 f3+ 42. Kf1 Qxh2 43. Rxf3 gxf3 44. Ke1
Qh1# { White checkmated } 0-1

[Event "ICC tourney 2533 (25 5)"]
[Site "Internet Chess Club"]
[Date "2021.04.25"]
[Round "5"]
[White "WILSON, RONEN:K09-15349011"]
[Black "GIORGIO TESSIORE, LUCA:K09-17347744"]
[Result "1-0"]
[ICCResult "Black resigns"]
[WhiteElo "2079"]
[BlackElo "1914"]
[Opening "Sicilian: accelerated fianchetto, Breyer variation"]
[ECO "B39"]
[NIC "SI.33"]
[Time "11:03:46"]
[PlyCount "121"]
[TimeControl "1500+5"]

1. e4 c5 2. Nf3 Nc6 3. d4 cxd4 4. Nxd4 g6 5. c4 Bg7 6. Be3 Nf6 7. Nc3 Ng4
8. Qxg4 Nxd4 9. Qd1 Ne6 10. Qd2 Qa5 11. Rc1 O-O 12. b3 d6 13. Be2 Bd7 14.
O-O Bc6 15. Nd5 Qd8 16. f4 Nc7 17. f5 Bxd5 18. cxd5 Qd7 19. Bg4 Ne8 20. f6
Qxg4 21. fxe7 Qxe4 22. exf8=Q+ Kxf8 23. Rf4 Qe7 24. Rcf1 f6 25. Bd4 Kg8 26.
Re1 Qf7 27. Rfe4 Bf8 28. Re6 f5 29. Bb2 Nc7 30. R6e2 Nxd5 31. Qd4 Bg7 32.
Qxg7+ Qxg7 33. Bxg7 Kxg7 34. Rd2 Nf6 35. Re7+ Kf8 36. Rxb7 Ne4 37. Rc2 Nc5
38. Rxh7 Kg8 39. Rc7 a5 40. Rc6 Re8 41. h3 Ne4 42. Rc7 g5 43. Ra7 g4 44.
hxg4 fxg4 45. Rcc7 g3 46. Rg7+ Kh8 47. Rh7+ Kg8 48. Rag7+ Kf8 49. Rh8+ Kxg7
50. Rxe8 d5 51. Kf1 Kf6 52. Ke1 Nc3 53. a3 d4 54. b4 axb4 55. axb4 Kf5 56.
Kd2 Nd5 57. b5 Nc7 58. Rc8 Nxb5 59. Rc5+ Ke4 60. Rxb5 Kf4 61. Kd3 { Black
resigns } 1-0

[Event "ICC tourney 2533 (25 5)"]
[Site "Internet Chess Club"]
[Date "2021.04.25"]
[Round "5"]
[White "ZHU, JENNY:K09-15942700"]
[Black "LANDE SHUMAN, NATHANIEL:K09-14782020"]
[Result "0-1"]
[ICCResult "White forfeits on time"]
[WhiteElo "1959"]
[BlackElo "2133"]
[Opening "Queen's gambit accepted"]
[ECO "D20"]
[NIC "QG.03"]
[Time "11:01:32"]
[PlyCount "62"]
[TimeControl "1500+5"]

1. d4 d5 2. c4 dxc4 3. Nc3 a6 4. e3 e6 5. Bxc4 Nf6 6. Nf3 b5 7. Bd3 Bb7 8.
O-O Be7 9. Re1 Nbd7 10. e4 c5 11. d5 exd5 12. exd5 O-O 13. Bf4 Re8 14. Rc1
Qb6 15. a4 b4 16. Ne4 Nxd5 17. Bg3 Rad8 18. Qc2 b3 19. Qb1 Nb4 20. Rcd1
Nxd3 21. Rxd3 Nf6 22. Nxf6+ Bxf6 23. Rxd8 Rxd8 24. Be5 g6 25. Bxf6 Qxf6 26.
Re3 c4 27. Qc1 Qf5 28. Rc3 Bd5 29. h3 a5 30. Nd2 Bxg2 31. Kxg2 Qg5+ { White
forfeits on time } 0-1

[Event "ICC tourney 2533 (25 5)"]
[Site "Internet Chess Club"]
[Date "2021.04.25"]
[Round "5"]
[White "GANESAN, VIKRANT:K09-16786952"]
[Black "BALU, JAYANTH:K09-15760188"]
[Result "1-0"]
[ICCResult "Black forfeits on time"]
[WhiteElo "1628"]
[BlackElo "940"]
[Opening "QGD: Albin counter-gambit"]
[ECO "D08"]
[NIC "QG.02"]
[Time "11:03:13"]
[PlyCount "83"]
[TimeControl "1500+5"]

1. d4 d5 2. c4 e5 3. dxe5 d4 4. Nf3 Nc6 5. a3 Bf5 6. Bf4 Nge7 7. Nbd2 Ng6
8. Bg3 Be7 9. b4 f6 10. exf6 Bxf6 11. Nb3 d3 12. exd3 Bxa1 13. Qxa1 Qe7+
14. Kd2 O-O-O 15. Be2 Rhe8 16. Re1 Nce5 17. d4 Nxf3+ 18. Bxf3 Qf6 19. Qc3
Rxe1 20. Kxe1 Re8+ 21. Kd1 Nh4 22. Nd2 Nxf3 23. Nxf3 Bg4 24. Kc1 Bxf3 25.
Qxf3 Re1+ 26. Kc2 Qxf3 27. gxf3 Ra1 28. Kb3 Rd1 29. d5 Kd7 30. Ka4 Rd3 31.
f4 Rd4 32. Kb3 Rd3+ 33. Kb2 Rd2+ 34. Kc3 Ra2 35. Kb3 Rd2 36. b5 Kd6 37. a4
Kc5 38. f5 c6 39. Kc3 Rd4 40. Bd6+ Kxd6 41. Kxd4 cxd5 42. cxd5 { Black
forfeits on time } 1-0

[Event "ICC tourney 2533 (25 5)"]
[Site "Internet Chess Club"]
[Date "2021.04.25"]
[Round "5"]
[White "NAGAICH, ARNAV:K09-16256926"]
[Black "XINZHE ZHANG, ALEXANDER:K09-16588540"]
[Result "0-1"]
[ICCResult "White checkmated"]
[WhiteElo "828"]
[BlackElo "1297"]
[Opening "Caro-Kann: Panov-Botvinnik attack, 5...e6"]
[ECO "B14"]
[NIC "CK.02"]
[Time "11:03:21"]
[PlyCount "136"]
[TimeControl "1500+5"]

1. e4 c6 2. d4 d5 3. exd5 cxd5 4. c4 e6 5. Nc3 Nf6 6. Nf3 Nc6 7. Bf4 Be7 8.
Be2 O-O 9. h3 h6 10. O-O Nh7 11. Re1 Ng5 12. cxd5 exd5 13. Nxg5 Bxg5 14.
Bxg5 Qxg5 15. Kh2 Qf4+ 16. Kg1 Be6 17. Bf3 Rfd8 18. Ne2 Qg5 19. Ng3 Qf6 20.
Ne2 Rac8 21. Rc1 Bxh3 22. gxh3 Qxf3 23. Ng3 Qf6 24. Ne2 Qh4 25. Qd3 Qg5+
26. Ng3 Nb4 27. Qe3 Qxe3 28. fxe3 Nd3 29. Rxc8 Rxc8 30. Nf5 Kf8 31. Re2 Nc1
32. Rg2 g6 33. Nxh6 Nxa2 34. Ng4 Rc6 35. Ne5 Rc7 36. Nd3 Ke7 37. b4 Nc3 38.
Rc2 Nb5 39. Rxc7+ Nxc7 40. Kf2 Ne6 41. Nc5 Nxc5 42. dxc5 Kd7 43. Kf3 Kc6
44. Kf4 f6 45. e4 d4 46. Kf3 Kb5 47. Ke2 Kxb4 48. Kd3 Kxc5 49. h4 a5 50.
Kc2 b5 51. Kb3 a4+ 52. Kc2 b4 53. Kb2 Kc4 54. Kc2 d3+ 55. Kd2 a3 56. Kc1 a2
57. Kb2 b3 58. e5 fxe5 59. h5 gxh5 60. Kc1 a1=Q+ 61. Kd2 b2 62. Ke3 b1=Q
63. Ke4 d2+ 64. Kf3 Qc3+ 65. Ke2 Qe4+ 66. Kf1 Qcf3+ 67. Kg1 Qeg4+ 68. Kh2
Qfh3# { White checkmated } 0-1

[Event "ICC tourney 2533 (25 5)"]
[Site "Internet Chess Club"]
[Date "2021.04.25"]
[Round "5"]
[White "TATINENI, AASHRITH:K09-16429723"]
[Black "RAVINUTALA, NITYA:K09-15006650"]
[Result "1-0"]
[ICCResult "Black checkmated"]
[WhiteElo "1398"]
[BlackElo "912"]
[Opening "Sicilian: Pelikan (Lasker/Sveshnikov) variation"]
[ECO "B33"]
[NIC "SI.35"]
[Time "11:04:02"]
[PlyCount "121"]
[TimeControl "1500+5"]

1. e4 c5 2. Nf3 Nc6 3. d4 cxd4 4. Nxd4 Nf6 5. Nc3 e5 6. Ndb5 d6 7. Be2 a6
8. Na3 Be6 9. Nab1 d5 10. exd5 Bxd5 11. Nxd5 Nxd5 12. c3 Be7 13. O-O O-O
14. Bf3 Nf6 15. Be3 Qc7 16. Qc1 Rad8 17. Nd2 Rfe8 18. Ne4 Nd5 19. Re1 Qd7
20. h3 Bh4 21. Bg5 Bxg5 22. Nxg5 h6 23. Ne4 Nf4 24. Rd1 Qe6 25. Rxd8 Rxd8
26. Nc5 Qg6 27. Kh1 Rb8 28. Qe3 f6 29. Rd1 a5 30. Nd7 Rd8 31. Bxc6 bxc6 32.
Qf3 Kf7 33. Nxe5+ fxe5 34. Rxd8 Kf6 35. Rd6+ Kg5 36. Rxg6+ Kxg6 37. Qxc6+
Kf5 38. g4+ Kg5 39. Kh2 Kh4 40. Qe8 g6 41. Qe7+ g5 42. Qh7 h5 43. gxh5 Nxh5
44. Qe4+ Nf4 45. Qxe5 a4 46. c4 a3 47. bxa3 Nh5 48. c5 g4 49. Qe7+ Nf6 50.
Qxf6+ Kh5 51. hxg4+ Kxg4 52. Qg6+ Kh4 53. Qe4+ Kh5 54. c6 Kh6 55. c7 Kh5
56. c8=Q Kh6 57. Qh8+ Kg5 58. Qhe5+ Kh6 59. Qc6+ Kh7 60. Qec7+ Kg8 61. Qa8#
{ Black checkmated } 1-0

[Event "ICC tourney 2533 (25 5)"]
[Site "Internet Chess Club"]
[Date "2021.04.25"]
[Round "5"]
[White "C JOURA, JOHN:K09-16650651"]
[Black "GOLDEN, RIPLEY:K09-15557812"]
[Result "1-0"]
[ICCResult "Black forfeits on time"]
[WhiteElo "994"]
[BlackElo "1584"]
[Opening "Ruy Lopez: Anderssen variation"]
[ECO "C77"]
[NIC "RL.12"]
[Time "11:03:53"]
[PlyCount "153"]
[TimeControl "1500+5"]

1. e4 e5 2. Nf3 Nc6 3. Bb5 a6 4. Ba4 Nf6 5. d3 b5 6. Bb3 Be7 7. Nc3 d6 8.
h3 O-O 9. O-O Na5 10. Nd5 Nxb3 11. Nxe7+ Qxe7 12. axb3 h6 13. Be3 c5 14. c3
Be6 15. c4 Qc7 16. cxb5 axb5 17. Rc1 Qb7 18. Bd2 Ra2 19. Rb1 c4 20. bxc4
bxc4 21. dxc4 Bxc4 22. Re1 Rxb2 23. Rxb2 Qxb2 24. Re3 Be6 25. Bc3 Qb6 26.
Qd2 Rd8 27. Ba5 Qb1+ 28. Re1 Qb8 29. Bxd8 Qxd8 30. Nxe5 Qe7 31. Nf3 Bc4 32.
e5 Nd5 33. exd6 Qxd6 34. Qc2 Bb5 35. Rd1 Bc6 36. Nd4 Bb7 37. Nf5 Qg6 38.
Rxd5 Kh7 39. Qe4 Bxd5 40. Qxd5 Qf6 41. Qe4 g6 42. Ng3 Qa1+ 43. Kh2 Qf6 44.
Nh5 Qxf2 45. Nf4 Qf1 46. Nd5 Qf2 47. Qe8 Qf5 48. Ne7 Qf4+ 49. Kg1 Qd4+ 50.
Kf1 Qf4+ 51. Ke2 Qe4+ 52. Kf2 Qf4+ 53. Ke2 Qe4+ 54. Kd2 Qd4+ 55. Kc2 Qc4+
56. Kb2 Qb4+ 57. Ka2 Qc4+ 58. Ka3 Qa6+ 59. Kb4 Qb6+ 60. Kc4 Qe6+ 61. Kc5
Qe5+ 62. Kc6 Qe6+ 63. Kc7 Qe5+ 64. Kd7 Qb5+ 65. Kd8 Qb8+ 66. Nc8 Qb7 67.
Qe7 Qd5+ 68. Qd6 Qxg2 69. Qd7 Qf3 70. Ke8 Kg7 71. Qd4+ Qf6 72. Qc5 Qe6+ 73.
Kd8 Qxh3 74. Qe5+ Kg8 75. Ne7+ Kh7 76. Ke8 Qe6 77. Qc3 { Black forfeits on
time } 1-0

[Event "ICC tourney 2533 (25 5)"]
[Site "Internet Chess Club"]
[Date "2021.04.25"]
[Round "5"]
[White "SAI TUBATI, TARUN:K09-16761313"]
[Black "LI, EMMA:K09-16538490"]
[Result "0-1"]
[ICCResult "White forfeits on time"]
[WhiteElo "851"]
[BlackElo "1342"]
[Opening "Queen's bishop game"]
[ECO "D00"]
[NIC "QP.08"]
[Time "11:03:03"]
[PlyCount "82"]
[TimeControl "1500+5"]

1. d4 d5 2. Bf4 Nf6 3. Nf3 e6 4. e3 c5 5. c3 Nc6 6. Nbd2 Bd6 7. Bg3 Qc7 8.
dxc5 Bxg3 9. hxg3 e5 10. Bb5 e4 11. Nd4 a6 12. Ba4 Bd7 13. Nxc6 bxc6 14.
Nb3 O-O 15. Nd4 Rab8 16. b4 Rfe8 17. a3 a5 18. Qe2 Ra8 19. b5 cxb5 20. Nxb5
Qxc5 21. Rc1 Rab8 22. Rb1 Bxb5 23. Rxb5 Qxc3+ 24. Qd2 Qxa3 25. Rxb8 Rxb8
26. Bc2 Qb4 27. f3 exf3 28. Qxb4 axb4 29. gxf3 b3 30. Bb1 h6 31. O-O b2 32.
Rd1 Rc8 33. e4 Rc1 34. Bc2 Rxd1+ 35. Bxd1 b1=Q 36. Kg2 Qxd1 37. e5 Qe2+ 38.
Kh3 Qxe5 39. f4 Qh5+ 40. Kg2 d4 41. g4 Qxg4+ { White forfeits on time } 0-1

[Event "ICC tourney 2533 (25 5)"]
[Site "Internet Chess Club"]
[Date "2021.04.25"]
[Round "5"]
[White "SAMMONS, EVAN:K09-16792076"]
[Black "SETTY, KRISHNA:K09-17034958"]
[Result "1-0"]
[ICCResult "Black forfeits on time"]
[WhiteElo "1832"]
[BlackElo "1109"]
[Opening "Benkö gambit half accepted"]
[ECO "A57"]
[NIC "BI.45"]
[Time "11:02:08"]
[PlyCount "69"]
[TimeControl "1500+5"]

1. d4 Nf6 2. c4 c5 3. d5 b5 4. cxb5 a6 5. f3 g6 6. e4 d6 7. Na3 Bg7 8. Ne2
O-O 9. Nc3 Nbd7 10. Be2 Nb6 11. O-O Bb7 12. Be3 Nfd7 13. Qd2 Ne5 14. f4
Ned7 15. f5 Qc7 16. bxa6 Bxa6 17. Bxa6 Rxa6 18. Nab5 Qb7 19. Bh6 Nc4 20.
Qe2 Bxh6 21. Qxc4 Ne5 22. Qe2 Bg7 23. fxg6 fxg6 24. Rxf8+ Bxf8 25. a4 c4
26. Rf1 Bg7 27. Kh1 Ra8 28. h3 Nd3 29. b3 Bxc3 30. bxc4 Bf6 31. Qxd3 Rxa4
32. Qb3 Ra7 33. c5 Ra6 34. c6 Qb8 35. c7 { Black forfeits on time } 1-0

[Event "ICC tourney 2533 (25 5)"]
[Site "Internet Chess Club"]
[Date "2021.04.25"]
[Round "5"]
[White "LIU, CATHERINE:K09-15277304"]
[Black "CHIEN EN LIM, TIMOTHY:K09-16139198"]
[Result "0-1"]
[ICCResult "White checkmated"]
[WhiteElo "1143"]
[BlackElo "1846"]
[Opening "Sicilian"]
[ECO "B55"]
[NIC "SI.01"]
[Time "11:02:04"]
[PlyCount "74"]
[TimeControl "1500+5"]

1. e4 c5 2. Nf3 d6 3. d4 cxd4 4. Nxd4 Nf6 5. Nd2 g6 6. b3 Bg7 7. Bb2 O-O 8.
c3 Nc6 9. Bd3 d5 10. O-O e5 11. N4f3 Re8 12. Re1 Qc7 13. Qc2 Be6 14. h3
Rad8 15. a3 dxe4 16. Nxe4 Nd5 17. Nc5 Bc8 18. c4 Nf4 19. Be4 f5 20. Bxc6
Qxc6 21. Na4 Nxh3+ 22. gxh3 Qxf3 23. Kh2 Rd3 24. Re3 Rxe3 25. fxe3 Qxe3 26.
Rd1 f4 27. Rd3 Qe1 28. Rd1 Qg3+ 29. Kh1 Bxh3 30. Nc3 f3 31. Ne4 Bg2+ 32.
Kg1 Qh4 33. c5 Rf8 34. Qd3 Bh3 35. Qc2 f2+ 36. Nxf2 Qg3+ 37. Kh1 Qg2# {
White checkmated } 0-1

[Event "ICC tourney 2533 (25 5)"]
[Site "Internet Chess Club"]
[Date "2021.04.25"]
[Round "5"]
[White "ETHAN CHONG, JOSHUA:K09-15110220"]
[Black "KRICK, OWEN:K09-16875635"]
[Result "1-0"]
[ICCResult "Black forfeits on time"]
[WhiteElo "1869"]
[BlackElo "1146"]
[Opening "QGD: exchange, positional line"]
[ECO "D35"]
[NIC "QO.16"]
[Time "11:00:40"]
[PlyCount "59"]
[TimeControl "1500+5"]

1. d4 d5 2. c4 e6 3. Nc3 Nf6 4. cxd5 exd5 5. Bg5 Be7 6. e3 O-O 7. Bd3 h6 8.
Bh4 c5 9. Nge2 Nc6 10. O-O cxd4 11. exd4 Nb4 12. Bb1 Be6 13. a3 Nc6 14. Nf4
Qb6 15. Bxf6 Bxf6 16. Ncxd5 Bxd5 17. Nxd5 Qxd4 18. Qc2 g6 19. Nc3 Rad8 20.
Rd1 Qe5 21. Ba2 Rfe8 22. Qxg6+ Kh8 23. Qxh6+ Kg8 24. Qg6+ Kh8 25. Qh6+ Kg8
26. g3 Nd4 27. Kg2 Nf5 28. Qg6+ Kh8 29. Qh5+ Kg8 30. Bxf7+ { Black forfeits
on time } 1-0

[Event "ICC tourney 2533 (25 5)"]
[Site "Internet Chess Club"]
[Date "2021.04.25"]
[Round "5"]
[White "KALE, SHUBHAM:K09-15358846"]
[Black "BALAKRISHNAN, NAVEEN:K09-15197624"]
[Result "0-1"]
[ICCResult "White forfeits on time"]
[WhiteElo "1157"]
[BlackElo "1755"]
[Opening "Nimzo-Indian: Leningrad variation"]
[ECO "E30"]
[NIC "NI.25"]
[Time "11:02:19"]
[PlyCount "74"]
[TimeControl "1500+5"]

1. d4 Nf6 2. c4 e6 3. Nc3 Bb4 4. Bg5 d5 5. e3 b6 6. a3 Bxc3+ 7. bxc3 Nbd7
8. Nf3 O-O 9. Bd3 c5 10. Qc2 h6 11. Bh4 Qc7 12. Bg3 Qc6 13. Ne5 Nxe5 14.
Bxe5 Nd7 15. cxd5 exd5 16. Bf4 Nf6 17. O-O c4 18. Be2 Re8 19. Bf3 Bg4 20.
Bxg4 Nxg4 21. h3 Nf6 22. Rfe1 Re6 23. Be5 Rae8 24. Bxf6 Rxf6 25. a4 Rg6 26.
Rab1 Qd7 27. Rb5 Rg5 28. Kh1 Re6 29. f4 Rg3 30. Qf2 Reg6 31. Rg1 a6 32. Rb4
Qe7 33. Rxb6 Qxe3 34. Qxe3 Rxe3 35. Rxg6 fxg6 36. Rc1 Re2 37. Ra1 Rb2 {
White forfeits on time } 0-1

[Event "ICC tourney 2533 (25 5)"]
[Site "Internet Chess Club"]
[Date "2021.04.25"]
[Round "5"]
[White "FRANCISCO VARELA, CARLOS:K09-16399805"]
[Black "WU, ANDREW:K09-16967853"]
[Result "1-0"]
[ICCResult "Black forfeits on time"]
[WhiteElo "2011"]
[BlackElo "1532"]
[Opening "Sicilian: dragon, Yugoslav attack, 9...Bd7"]
[ECO "B77"]
[NIC "SI.18"]
[Time "11:01:06"]
[PlyCount "77"]
[TimeControl "1500+5"]

1. e4 c5 2. Nf3 d6 3. d4 cxd4 4. Nxd4 Nf6 5. Nc3 g6 6. Be3 Bg7 7. f3 O-O 8.
Qd2 Nc6 9. Bc4 Bd7 10. Bb3 Rc8 11. g4 Ne5 12. O-O-O Nc4 13. Bxc4 Rxc4 14.
Nb3 a5 15. e5 Ne8 16. Nd5 Bxe5 17. Bb6 Qb8 18. Kb1 e6 19. Ne3 Rc6 20. Qxa5
Bg7 21. c4 Nf6 22. h4 Qa8 23. Nd4 Qxa5 24. Bxa5 Ra6 25. Bb4 Rfa8 26. a3 Bf8
27. b3 d5 28. Bxf8 Kxf8 29. g5 Ne8 30. cxd5 exd5 31. Nxd5 Be6 32. Nb5 Rd8
33. Ndc7 Rxd1+ 34. Rxd1 Nxc7 35. Nxc7 Rxa3 36. Nxe6+ fxe6 37. Kb2 Ra5 38.
Rd7 b6 39. Rd6 { Black forfeits on time } 1-0

[Event "ICC tourney 2533 (25 5)"]
[Site "Internet Chess Club"]
[Date "2021.04.25"]
[Round "5"]
[White "BABENKO, ARIEL:K09-15837661"]
[Black "GANTI AGRAWAL, SIDDHARTH:K09-15429648"]
[Result "1-0"]
[ICCResult "Black checkmated"]
[WhiteElo "979"]
[BlackElo "1748"]
[Opening "Sicilian: Alapin's variation (2.c3)"]
[ECO "B22"]
[NIC "SI.47"]
[Time "11:01:57"]
[PlyCount "73"]
[TimeControl "1500+5"]

1. e4 c5 2. c3 Nf6 3. e5 Nd5 4. d4 cxd4 5. cxd4 Nc6 6. Nf3 d6 7. exd6 e6 8.
Bb5 Bxd6 9. O-O Bd7 10. Re1 O-O 11. Nc3 Nxc3 12. bxc3 Ne7 13. Bxd7 Qxd7 14.
Ne5 Qc7 15. Qf3 Rac8 16. Bd2 Ng6 17. Nxg6 Bxh2+ 18. Kh1 fxg6 19. Qh3 Bf4
20. Qxe6+ Kh8 21. Bxf4 Qxf4 22. Re2 Rxc3 23. d5 Rc5 24. Rae1 h6 25. Qxg6
Rxd5 26. Re8 Qh4+ 27. Kg1 Qxf2+ 28. Kh2 Rf5 29. Kh3 Rf4 30. Rxf8+ Rxf8 31.
Re7 Qb2 32. Kh2 Qd4 33. Rxb7 Qh4+ 34. Kg1 Qe1+ 35. Kh2 Qe5+ 36. Kh3 Rf6 37.
Qxg7# { Black checkmated } 1-0

[Event "ICC tourney 2533 (25 5)"]
[Site "Internet Chess Club"]
[Date "2021.04.25"]
[Round "5"]
[White "CHUGH, AARUSH:K09-14970943"]
[Black "PALUSA, MAURYA:K09-14641168"]
[Result "0-1"]
[ICCResult "White resigns"]
[WhiteElo "1500"]
[BlackElo "2089"]
[Opening "Sicilian: Najdorf, Byrne (English) attack"]
[ECO "B90"]
[NIC "SI.14"]
[Time "11:02:29"]
[PlyCount "74"]
[TimeControl "1500+5"]

1. e4 c5 2. Nf3 d6 3. d4 cxd4 4. Nxd4 Nf6 5. Nc3 a6 6. Be3 e5 7. Nb3 Be6 8.
Be2 Nbd7 9. O-O b5 10. a3 Be7 11. f4 Qc7 12. Qe1 exf4 13. Bxf4 Bxb3 14.
cxb3 O-O 15. Qg3 Rfe8 16. Rac1 Qb6+ 17. Be3 Qb7 18. Bh6 Bf8 19. Bf3 Ne5 20.
Bg5 Re6 21. Kh1 h6 22. Bxh6 Nxf3 23. Bxg7 Bxg7 24. gxf3 Nh7 25. Rg1 Rg6 26.
Qf4 Bxc3 27. bxc3 Qe7 28. Rxg6+ fxg6 29. Rg1 Kg7 30. Qf5 Qf7 31. Qg4 Rf8
32. Rf1 Nf6 33. Qg3 Nxe4 34. Qe1 Ng5 35. Qd2 Nxf3 36. Qxd6 Qb7 37. Qg3 Nd2+
{ White resigns } 0-1

[Event "ICC tourney 2533 (25 5)"]
[Site "Internet Chess Club"]
[Date "2021.04.25"]
[Round "5"]
[White "SLOAN, JED:K09-15515631"]
[Black "KUMARAVEL, JAIKIRAN:K09-15581132"]
[Result "1-0"]
[ICCResult "Black checkmated"]
[WhiteElo "1983"]
[BlackElo "1488"]
[Opening "Giuoco Pianissimo"]
[ECO "C50"]
[NIC "IG.02"]
[Time "11:00:36"]
[PlyCount "139"]
[TimeControl "1500+5"]

1. e4 e5 2. Nf3 Nc6 3. Bc4 Bc5 4. d3 Nf6 5. c3 d6 6. O-O O-O 7. Bb3 Be6 8.
Bc2 Re8 9. d4 exd4 10. cxd4 Bb6 11. d5 Bg4 12. dxc6 bxc6 13. Nc3 Qe7 14.
Qd3 Rad8 15. Bg5 h6 16. Bh4 g5 17. Bg3 Nh5 18. e5 f5 19. exf6 Qxf6 20. Qh7+
Kf8 21. Bg6 Nxg3 22. hxg3 Re7 23. Qxh6+ Rg7 24. Nxg5 Qxg6 25. Qxg6 Rxg6 26.
Nge4 Rh6 27. Rfe1 Kg7 28. Ng5 Rdh8 29. Nh3 Bxh3 30. gxh3 Rxh3 31. Kf1 Rf8
32. Kg2 Rh6 33. f4 Rg6 34. Kf3 Rgf6 35. Re7+ R6f7 36. Rae1 Rxe7 37. Rxe7+
Rf7 38. Rxf7+ Kxf7 39. g4 Kf6 40. f5 d5 41. Kf4 d4 42. Ne4+ Kf7 43. Nf2 c5
44. b3 c6 45. Nd3 Bc7+ 46. Kg5 Bd8+ 47. Kh6 Be7 48. g5 Bf8+ 49. Kh7 Bg7 50.
Nxc5 a5 51. Nd3 Kf8 52. Kg6 Bh8 53. f6 Kg8 54. Ne5 c5 55. f7+ Kf8 56. Nd7+
Ke7 57. f8=Q+ Kxd7 58. Qxh8 Kd6 59. Qh2+ Kd5 60. Kf6 d3 61. Qe5+ Kc6 62.
Qe3 Kb5 63. Qxd3+ Kb4 64. g6 Ka3 65. g7 Kxa2 66. g8=Q c4 67. Qg2+ Ka3 68.
bxc4+ Kb4 69. Qb7+ Ka4 70. Qdb3# { Black checkmated } 1-0

[Event "ICC tourney 2533 (25 5)"]
[Site "Internet Chess Club"]
[Date "2021.04.25"]
[Round "5"]
[White "SMARAN JAINI, KRISHIV:K09-16268124"]
[Black "MYASNIKOV, YELIZAVETA:K09-16896083"]
[Result "1-0"]
[ICCResult "Black forfeits on time"]
[WhiteElo "806"]
[BlackElo "367"]
[Opening "QGD semi-Slav"]
[ECO "D43"]
[NIC "SL.03"]
[Time "11:03:55"]
[PlyCount "71"]
[TimeControl "1500+5"]

1. d4 d5 2. c4 c6 3. Nc3 Nf6 4. Nf3 e6 5. Bf4 Nbd7 6. e3 c5 7. cxd5 exd5 8.
g3 Nb6 9. Bg2 Be7 10. O-O O-O 11. Re1 Bf5 12. Nh4 Qd7 13. e4 Bg4 14. Nf3
Nc4 15. b3 Nb6 16. Qd2 c4 17. e5 Rfe8 18. exf6 Bxf6 19. Be5 Be7 20. Qf4
cxb3 21. axb3 Rac8 22. Rac1 f6 23. Rc2 Bb4 24. Rec1 Bf5 25. Re2 Bxc3 26.
Bd6 Rxe2 27. Bf1 Ra2 28. Bc5 Qe8 29. Rxc3 Qh5 30. Rc1 Bg4 31. Bg2 Qg6 32.
h3 Qd3 33. Qxg4 Rc7 34. Rf1 Qxb3 35. Nh4 Qd3 36. Qe6+ { Black forfeits on
time } 1-0